 Dungeon Crawl Stone Soup version 0.24.0-13-gcf9b3192b9 (webtiles) character file.

Game seed: 14917625631140374291, levelgen mode: deterministic

214 Monsterracer the Poker (level 5, 0/48 HPs)
             Began as a Deep Elf Berserker on Nov 5, 2019.
             Was a Believer of Trog.
             Slain by a mummy (3 damage)
             ... in an ossuary.
             The game lasted 00:02:24 (3451 turns).

Monsterracer the Poker (Deep Elf Berserker)         Turns: 3451, Time: 00:02:25

Health: 0/48       AC:  5    Str: 20    XL:     5   Next: 59%
Magic:  7/7        EV: 13    Int: 12    God:    Trog [**....]
Gold:   151        SH:  0    Dex: 14    Spells: 4/4 levels left

rFire    . . .     SeeInvis .   a - +0 spear
rCold    . . .     Gourm    .   (no shield)
rNeg     . . .     Faith    .   e - +1 leather armour {rPois}
rPois    +         Spirit   .   (no helmet)
rElec    .         Reflect  .   l - +0 cloak
rCorr    .         Harm     .   (no gloves)
MR       .....                  (no boots)
Stlth    ..........             q - amulet of regeneration
HPRegen  0.56/turn              P - ring of poison resistance
MPRegen  0.10/turn              (no ring)

@: berserking (expiring), very quick
A: no striking features
a: Berserk, Trog's Hand, Renounce Religion


You were in an ossuary.
You worshipped Trog.
Trog was pleased with you.
You were not hungry.

You visited 1 branch of the dungeon, and saw 4 of its levels.
You also visited: Ossuary.

You collected 151 gold pieces.

Inventory:

Hand Weapons
 a - a +0 spear (weapon)
Armour
 e - a +1 leather armour of poison resistance (worn)
   (You found it on level 1 of the Dungeon)
 l - a +0 cloak (worn)
   (You found it on level 2 of the Dungeon)
Jewellery
 i - an uncursed ring of fire
   (You found it on level 2 of the Dungeon)
 q - an amulet of regeneration (around neck)
   (You found it on level 3 of the Dungeon)
 P - a ring of poison resistance (left hand)
   (You found it on level 2 of the Dungeon)
Scrolls
 r - 4 scrolls of remove curse
Potions
 g - 3 potions of haste {unknown}
 n - a potion of curing {unknown}
 o - 2 potions of mutation {!q}
 p - a potion of berserk rage {unknown}
 s - a potion of brilliance {unknown}
Comestibles
 c - 4 rations


   Skills:
 + Level 3.4 Fighting
 * Level 4.0 Polearms
 - Level 1.5 Armour
 + Level 3.3 Dodging


You had 4 spell levels left.
You didn't know any spells.
Your spell library was empty.

Dungeon Overview and Level Annotations

Branches:
Dungeon (4/15)            Ossuary (1/1)
 Temple: D:4-7

Altars:
Elyvilon


Message History

* * * LOW HITPOINT WARNING * * *
The hobgoblin zombie barely misses you.
A red film seems to cover your vision as you go berserk!
You feel yourself moving faster!
You feel mighty!
You are near starving!
The hobgoblin zombie hits you but does no damage.
The orc zombie barely misses you. The gnoll zombie completely misses you.
You puncture the gnoll zombie!
You destroy the gnoll zombie!
Trog accepts your kill. The hobgoblin zombie hits you.
* * * LOW HITPOINT WARNING * * *
You barely miss the hobgoblin zombie.
The hobgoblin zombie hits you but does no damage.
The orc zombie hits you but does no damage.
You barely miss the hobgoblin zombie. The hobgoblin zombie hits you.
* * * LOW HITPOINT WARNING * * *
The hobgoblin zombie hits you.
* * * LOW HITPOINT WARNING * * *
You puncture the orc zombie!
You destroy the orc zombie!
Trog accepts your kill. The hobgoblin zombie misses you.
You puncture the hobgoblin zombie!
You destroy the hobgoblin zombie!
Trog accepts your kill. The hobgoblin zombie hits you.
* * * LOW HITPOINT WARNING * * *
You puncture the hobgoblin zombie!
You destroy the hobgoblin zombie!
Trog accepts your kill.
You hit the hobgoblin zombie.
The hobgoblin zombie is moderately damaged.
The hobgoblin zombie hits you.
* * * LOW HITPOINT WARNING * * *
You puncture the hobgoblin zombie!
You destroy the hobgoblin zombie!
Trog accepts your kill.
You eat one of the 5 rations.
That ration really hit the spot!
You feel a strong urge to attack something.
You are no longer berserk.
You are exhausted.
You feel yourself slow down.
You start resting.
You feel yourself speed up.
You start resting.
You recover from your berserk rage.
HP restored. 2 mummies and a zombie come into view.
There are monsters nearby! 2 mummies come into view.
An orc zombie comes into view.
A red film seems to cover your vision as you go berserk!
You feel yourself moving faster!
You feel mighty!
You feel a lot more hungry.
You barely miss the mummy. You hit the mummy.
The mummy is moderately damaged.
You closely miss the mummy.
The mummy is moderately damaged.
The mummy closely misses you.
You puncture the mummy!
The mummy is severely damaged.
You puncture the mummy!
You destroy the mummy!
Trog accepts your kill. The mummy hits you!
You puncture the mummy!
The mummy is heavily damaged.
The mummy closely misses you.
You puncture the mummy!
The mummy is almost destroyed.
The mummy hits you!
* * * LOW HITPOINT WARNING * * *
The orc zombie barely misses you.
You hit the mummy.
You destroy the mummy!
Trog accepts your kill.
Your Polearms skill increases to level 4!
The mummy hits you.
* * * LOW HITPOINT WARNING * * *
You puncture the mummy!
The mummy is heavily damaged.
The orc zombie hits you but does no damage.
The mummy barely misses you.
You barely miss the mummy.
The mummy is heavily damaged.
The orc zombie hits you.
* * * LOW HITPOINT WARNING * * *
You hit the mummy.
The mummy is severely damaged.
The mummy closely misses you. The orc zombie hits you.
* * * LOW HITPOINT WARNING * * *
You barely miss the mummy.
The mummy is severely damaged.
The orc zombie closely misses you. The mummy hits you!
* * * LOW HITPOINT WARNING * * *
You barely miss the mummy.
The mummy is severely damaged.
The orc zombie closely misses you. The mummy hits you.
You die...

..... ##..## ..
.....##....##..
...............
.............
............
#........#
#ZM....# #@M..#
#.Z..# #....#
#....# #....#
#....# #....#
#....# #.∩∩.#


You could see 2 mummies and 2 orc zombies.

Vanquished Creatures
  Crazy Yiuf (D:2)
  2 mummies (Ossuary)
  9 adders (D:2 D:3)
  2 oozes (D:1 D:2)
  3 worms (D:2 D:3)
  2 dart slugs (D:1)
  4 leopard geckos (D:1 D:2 D:3)
  3 orcs (D:2 D:3 D:4)
  5 bats (D:1 D:2 D:3)
  2 giant cockroaches (D:1)
  A gnoll zombie (Ossuary)
  6 goblins (D:2)
  6 hobgoblins (D:1 D:2 D:3)
  2 quokkas (D:2 D:3)
  A ball python (D:3)
  3 frilled lizards (D:1 D:2 D:3)
  3 hobgoblin zombies (Ossuary)
  5 kobolds (D:1 D:2 D:3)
  A kobold zombie (Ossuary)
  An orc zombie (Ossuary)
  5 rats (D:2 D:3)
67 creatures vanquished.

Notes
Turn   | Place    | Note
-------+----------+-------------------------------------------
     0 | D:1      | Monsterracer the Deep Elf Berserker began the quest for the
                  | Orb.
     0 | D:1      | Reached XP level 1. HP: 13/13 MP: 3/3
   125 | D:1      | Reached XP level 2. HP: 18/18 MP: 4/4
   719 | D:2      | HP: 13/27 [leopard gecko (3)]
   721 | D:2      | Reached XP level 3. HP: 16/22 MP: 5/5
  1009 | D:2      | Found a white marble altar of Elyvilon.
  1060 | D:2      | HP: 11/22 [worm (5)]
  1070 | D:2      | Reached skill level 3 in Polearms
  1219 | D:2      | HP: 14/33 [adder (4)]
  1224 | D:2      | HP: 8/23 [poisoned by an adder]
  1231 | D:2      | HP: 5/23 [poisoned by an adder]
  1236 | D:2      | HP: 3/23 [poisoned by an adder]
  1543 | D:2      | Reached XP level 4. HP: 28/28 MP: 6/6
  1607 | D:2      | Reached ** piety under Trog
  1806 | D:2      | Found a runed translucent door.
  1807 | D:2      | Noticed Crazy Yiuf
  1974 | D:2      | HP: 15/42 [Crazy Yiuf/+3 quarterstaff of chaos (15)]
  1976 | D:2      | HP: 6/42 [Crazy Yiuf/+3 quarterstaff of chaos (9)]
  1977 | D:2      | Killed Crazy Yiuf
  2366 | D:3      | HP: 11/28 [adder (5)]
  2369 | D:3      | Reached XP level 5. HP: 12/32 MP: 7/7
  2374 | D:3      | HP: 7/32 [poisoned by an adder]
  3365 | D:4      | Found a sand-covered staircase.
  3372 | Ossuary  | Entered an ossuary
  3388 | Ossuary  | HP: 16/32 [gnoll zombie (7)]
  3394 | Ossuary  | HP: 20/48 [hobgoblin zombie (1)]
  3445 | Ossuary  | HP: 23/48 [mummy (14)]
  3446 | Ossuary  | Reached skill level 4 in Polearms
  3450 | Ossuary  | HP: 2/48 [mummy (15)]
  3451 | Ossuary  | Slain by a mummy

Levels and vault maps discovered:
D:1:      dpeg_arrival_renting, layout_basic, minmay_tetromino_l4
D:2:      layout_rooms, elyvilon_altar_3, corexii_shack, uniq_crazy_yiuf_cottage
D:3:      layout_loops_ring, serial_park_tiny_2
D:4:      layout_loops_ring, okawaru_trees_1, enter_ossuary_4,
          fedhas_ov_isle_minmay
Ossuary:  ossuary_tomb_3

Skill      XL: |  1  2  3  4  5 |
---------------+----------------+-----
Polearms       | 3 4 |  4.0
Fighting       | 3 |  3.4
Dodging        | 3 |  3.3
Armour         | |  1.5

Action                   |  1- 3 |  4- 6 || total
-------------------------+-------+-------++-------
Melee: Spear             |   118 |   180 ||   298
Invok: Berserk           |     5 |     5 ||    10
  Use: Scroll            |       |     8 ||     8
 Stab: Sleeping          |     2 |     3 ||     5
  Eat: Chunk             |     6 |     9 ||    15
       Ration            |       |     1 ||     1
Armor: Leather armour    |    13 |    31 ||    44
Dodge: Dodged            |    39 |    97 ||   136
